Mulligans vs Mustangs
(R1)
Created - May 15, 2018 at 19:04
Goals
|
| Mulligans |
0 |
0 |
2 |
2 |
| Mustangs |
2 |
4 |
2 |
8 |
|
Shots
|
| Mulligans |
7 |
12 |
14 |
33 |
| Mustangs |
6 |
19 |
17 |
42 |
|
1st period
1. Mustangs , Mika Zibanejad 4 (Marcus Foligno 9) at 10:33
2. Mustangs , Marcus Foligno 7 (Cameron Gaunce 6) at 18:43
Penalties :
Mark Pysyk (Ham) for Hooking (Minor) at 7:34, Eric Tangradi (Rep) for Cross-checking (Minor) at 10:50
2nd period
3. Mustangs , Jerome Samson 1 (Jim O'Brien 1, Mark Pysyk 4) at 2:16
4. Mustangs , Tomas Tatar 1 (Cameron Gaunce 7, Josh Jooris 13) at 3:18
5. Mustangs , Marcus Foligno 8 (Denis Bodrov 2, Cameron Gaunce 8) at 9:25
6. Mustangs , Tomas Tatar 2 (Riley Sheahan 6, Mark Pysyk 5) at 11:05 (PP)
Penalties :
Eric Tangradi (Rep) for Interference (Minor) at 9:50, Tomas Tatar (Ham) for Boarding (Double Minor) at 12:25, Thomas Hickey (Rep) for Interference (Minor) at 17:23
3rd period
7. Mulligans , Drayson Bowman 8 (Benn Ferriero 5, Thomas Hickey 6) at 2:23
8. Mustangs , Jim O'Brien 3 (Joe Finley 1, Joshua Leivo 2) at 6:00
9. Mulligans , Maxime Macenauer 2 (Drayson Bowman 2, Cody Goloubef 4) at 12:36
10. Mustangs , Jim O'Brien 4 (Denis Bodrov 3, Marcus Foligno 10) at 13:14
Penalties :
Joshua Leivo (Ham) for Slashing (Minor) at 3:49, Nick Bonino (Rep) for Holding Stick (Minor) at 7:40, Tomas Tatar (Ham) for Hooking (Minor) at 14:15, Josh Jooris (Ham) for Slashing (Minor) at 18:56
Goalie Stats
Calvin Pickard (Rep), 29 saves from 33 shots - (0.879), 36:42 minutes
Anders Lindback (Rep), 5 saves from 9 shots - (0.556), L, 5-2-0, 23:18 minutes
Peter Mannino (Ham), 31 saves from 33 shots - (0.939), W, 5-3-0, 60:00 minutes
Players Stats for Mulligans
Player Name G A P +/- PIM S H SB GA TA FO MP PP MP PK MP
------------------------------------------------------------------------------------
Anton Lander 0 0 0 -2 0 5 1 0 0 0 8/15 17:56 4:43 1:47
Ben Hutton 0 0 0 -2 0 1 2 1 0 0 0/0 8:58 1:05 0:00
Benn Ferriero 0 1 1 0 0 0 1 0 0 0 0/0 10:01 0:59 0:00
Cade Fairchild 0 0 0 -2 0 0 0 1 0 0 0/0 12:24 0:00 4:16
Christoph Bertschy 0 0 0 -2 0 0 0 0 0 0 0/0 6:49 0:54 0:00
Cody Goloubef 0 1 1 0 0 0 2 3 0 1 0/0 21:36 4:20 4:16
Darren Dietz 0 0 0 0 0 0 0 0 0 0 0/0 4:23 0:36 0:00
Derek Dorsett 0 0 0 -2 0 3 3 1 0 0 0/0 17:56 4:43 1:47
Drayson Bowman 1 1 2 0 0 2 0 0 1 0 0/1 10:40 0:24 0:40
Eric Tangradi 0 0 0 -1 4 5 1 0 0 1 0/1 19:37 4:46 0:00
Jonathan Tremblay 0 0 0 -1 0 3 0 1 1 0 1/2 24:11 4:34 4:45
Logan Shaw 0 0 0 -2 0 0 1 0 0 1 0/0 7:13 1:18 0:00
Matt Beleskey 0 0 0 -2 0 4 0 1 0 0 1/1 16:06 4:40 0:00
Matt Donovan 0 0 0 -3 0 4 2 3 0 0 0/0 26:01 5:39 2:56
Matt Niskanen 0 0 0 -3 0 1 2 0 0 0 0/0 23:24 5:39 0:32
Maxime Macenauer 1 0 1 0 0 2 0 0 0 0 7/18 14:28 0:00 4:53
Nick Bonino 0 0 0 -1 2 1 1 0 2 0 14/31 19:41 4:50 0:00
Sven Baertschi 0 0 0 -2 0 0 0 0 0 0 0/0 7:35 1:06 0:32
Thomas Hickey 0 1 1 0 2 2 1 2 0 0 0/0 23:45 4:39 2:24
Players Stats for Mustangs
Player Name G A P +/- PIM S H SB GA TA FO MP PP MP PK MP
------------------------------------------------------------------------------------
Alexei Marchenko 0 0 0 0 0 0 0 3 0 0 0/0 20:18 2:58 4:20
Andrew Shaw 0 0 0 3 0 3 3 0 1 0 0/0 13:38 3:01 0:00
Cameron Gaunce 0 3 3 4 0 2 0 1 0 0 0/0 27:49 4:14 5:42
Curtis Hamilton 0 0 0 0 0 1 0 0 0 0 0/0 7:42 0:00 0:10
Danny Biega 0 0 0 0 0 0 0 1 0 0 0/0 2:54 0:00 0:00
Denis Bodrov 0 2 2 4 0 4 2 1 0 1 0/0 27:41 4:14 5:38
Dominik Uher 0 0 0 0 0 0 0 0 0 0 0/0 0:37 0:00 0:21
Eric Knodel 0 0 0 0 0 0 1 0 0 0 0/0 2:54 0:00 0:00
Francis Paré 0 0 0 0 0 2 0 0 0 0 0/0 7:16 0:00 0:00
Jerome Samson 1 0 1 1 0 4 0 0 0 0 0/0 7:40 0:00 0:00
Jim O'Brien 2 1 3 1 0 4 0 0 1 0 4/5 7:40 0:00 0:00
Joe Finley 0 1 1 1 0 0 0 0 0 1 0/0 9:33 0:00 1:27
Josh Jooris 0 1 1 1 2 3 1 1 0 1 1/3 19:46 4:11 0:00
Joshua Leivo 0 1 1 1 2 3 0 0 0 0 0/0 9:14 0:00 1:13
Marcus Foligno 2 2 4 3 0 5 0 1 0 0 0/0 17:33 3:01 3:55
Mark Pysyk 0 2 2 0 2 2 1 1 0 0 0/0 19:22 2:58 3:23
Matthew Finn 0 0 0 0 0 0 0 0 0 0 0/0 0:00 0:00 0:00
Max Gortz 0 0 0 0 0 0 0 0 0 0 1/1 2:51 0:00 2:51
Mika Zibanejad 1 0 1 3 0 2 1 0 0 0 4/13 18:55 3:01 5:15
Rick Schofield 0 0 0 0 0 1 1 1 0 0 1/3 7:16 0:00 0:00
Riley Nash 0 0 0 0 0 0 0 0 0 0 0/0 0:00 0:00 0:00
Riley Sheahan 0 1 1 1 0 2 4 0 0 1 25/40 24:19 4:11 4:32
Roman Horak 0 0 0 0 0 0 0 0 0 0 0/0 2:28 0:00 2:04
Scott Mayfield 0 0 0 1 0 0 1 0 0 0 0/0 9:30 0:00 1:28
Tomas Tatar 2 0 2 1 6 4 3 1 1 0 2/4 22:00 4:11 1:37
3 Stars
1 - Marcus Foligno (Ham)
2 - Jim O'Brien (Ham)
3 - Cameron Gaunce (Ham)
Power Play
Mulligans - 0 on 6 Attempt(s) - 0.00%
Mustangs - 1 on 4 Attempt(s) - 25.00%
Penalty Kill
Mulligans - 3 on 4 Attempt(s) - 75.00%
- Score 0 goal in Penalty Kill
Mustangs - 6 on 6 Attempt(s) - 100.00%
- Score 0 goal in Penalty Kill
Team Stat
Mulligans - Hits : 17 - Faceoff Wins : 31 - Blocked Shots : 13 - Penalty Minutes : 8
Mustangs - Hits : 18 - Faceoff Wins : 38 - Blocked Shots : 11 - Penalty Minutes : 12
Official
Referees : Sutherland Kelly and Martell Rob
Linesman : Lyle Seitz and Brad Kovachik
Game Notes
Calvin Pickard enters game at 3:18 of 2nd period
Finance
Level 1 -- Attendance: 2000 (100.00%) -- Ticket Income $80,000
Level 2 -- Attendance: 962 (96.20%) -- Ticket Income $19,240
Total Attendance: 2962 (98.73%)
Total Ticket Income: $99,240
Other Income: $4,962
Total Income: $104,202
Mulligans
5 vs 5 Forward
Center Left Wing Right Wing Time % Phy DF OF
1 Nick Bonino Eric Tangradi Jonathan Tremblay 40 0 2 3
2 Anton Lander Matt Beleskey Derek Dorsett 30 0 2 3
3 Maxime Macenauer Drayson Bowman Benn Ferriero 20 0 2 3
4 Christoph Bertschy Sven Baertschi Logan Shaw 10 0 2 3
5 vs 5 Defense
Defense Defense Time % Phy DF OF
1 Matt Niskanen Matt Donovan 40 0 3 2
2 Thomas Hickey Cody Goloubef 30 0 3 2
3 Ben Hutton Cade Fairchild 20 0 3 2
4 Darren Dietz Thomas Hickey 10 0 3 2
PowerPlay Forward
Center Left Wing Right Wing Time % Phy DF OF
1 Nick Bonino Eric Tangradi Jonathan Tremblay 60 0 1 4
2 Anton Lander Matt Beleskey Derek Dorsett 40 0 1 4
PowerPlay Defense
Defense Defense Time % Phy DF OF
1 Matt Niskanen Matt Donovan 60 0 2 3
2 Cody Goloubef Thomas Hickey 40 0 2 3
Penalty Kill 4 Players Forward
Center Wing Time % Phy DF OF
1 Maxime Macenauer Jonathan Tremblay 60 1 3 1
2 Anton Lander Derek Dorsett 40 1 3 1
Penalty Kill 4 Players Defense
Defense Defense Time % Phy DF OF
1 Cade Fairchild Cody Goloubef 60 1 4 0
2 Matt Donovan Thomas Hickey 40 1 4 0
Penalty Kill - 3 Players Forward
Forward Time % Phy DF OF
1 Maxime Macenauer 60 1 3 1
2 Anton Lander 40 1 3 1
Penalty Kill - 3 Players Defense
Defense Defense Time % Phy DF OF
1 Thomas Hickey Matt Donovan 60 1 4 0
2 Cody Goloubef Cade Fairchild 40 1 4 0
4 vs 4 Forward
Center Wing Time % Phy DF OF
1 Nick Bonino Eric Tangradi 60 0 2 3
2 Anton Lander Derek Dorsett 40 0 2 3
4 vs 4 Defense
Defense Defense Time % Phy DF OF
1 Matt Niskanen Matt Donovan 60 0 3 2
2 Cody Goloubef Cade Fairchild 40 0 3 2
Last Minutes Offensive
Center Left Wing Right Wing Defense Defense
Nick Bonino Eric Tangradi Jonathan Tremblay Thomas Hickey Matt Donovan
Last Minutes Defensive
Center Left Wing Right Wing Defense Defense
Maxime Macenauer Matt Beleskey Jonathan Tremblay Thomas Hickey Matt Donovan
Goaltenders
Starting : Anders Lindback
Backup : Calvin Pickard
Extra Forwards
Normal : Christoph Bertschy, Benn Ferriero, Drayson Bowman - PP : Anton Lander, Logan Shaw - PK : Drayson Bowman
Extra Defensemen
Normal : Ben Hutton, Darren Dietz, Cody Goloubef - PP : Ben Hutton - PK : Matt Niskanen, Darren Dietz
Penalty Shots
Jonathan Tremblay, Nick Bonino, Eric Tangradi, Maxime Macenauer, Logan Shaw
Scratches
Chris Neil (Healthy), Joonas Donskoi (Healthy), Reid Boucher (Healthy), Nick Shore (Healthy), Mario Lucia (Healthy)
Adam Lowry (Healthy), Marek Langhamer (Healthy)
Mustangs
5 vs 5 Forward
Center Left Wing Right Wing Time % Phy DF OF
1 Riley Sheahan Tomas Tatar Josh Jooris 40 1 2 2
2 Mika Zibanejad Marcus Foligno Andrew Shaw 30 1 2 2
3 Jim O'Brien Joshua Leivo Jerome Samson 20 1 2 2
4 Rick Schofield Curtis Hamilton Francis Paré 10 1 2 2
5 vs 5 Defense
Defense Defense Time % Phy DF OF
1 Cameron Gaunce Denis Bodrov 40 1 2 2
2 Mark Pysyk Alexei Marchenko 30 1 2 2
3 Joe Finley Scott Mayfield 20 1 2 2
4 Eric Knodel Danny Biega 10 1 2 2
PowerPlay Forward
Center Left Wing Right Wing Time % Phy DF OF
1 Riley Sheahan Tomas Tatar Josh Jooris 60 1 2 2
2 Mika Zibanejad Marcus Foligno Andrew Shaw 40 1 2 2
PowerPlay Defense
Defense Defense Time % Phy DF OF
1 Cameron Gaunce Denis Bodrov 60 1 2 2
2 Mark Pysyk Alexei Marchenko 40 1 2 2
Penalty Kill 4 Players Forward
Center Wing Time % Phy DF OF
1 Riley Sheahan Mika Zibanejad 60 1 2 2
2 Tomas Tatar Marcus Foligno 40 1 2 2
Penalty Kill 4 Players Defense
Defense Defense Time % Phy DF OF
1 Cameron Gaunce Denis Bodrov 60 1 2 2
2 Mark Pysyk Alexei Marchenko 40 1 2 2
Penalty Kill - 3 Players Forward
Forward Time % Phy DF OF
1 Riley Sheahan 60 1 2 2
2 Mika Zibanejad 40 1 2 2
Penalty Kill - 3 Players Defense
Defense Defense Time % Phy DF OF
1 Cameron Gaunce Denis Bodrov 60 1 2 2
2 Mark Pysyk Alexei Marchenko 40 1 2 2
4 vs 4 Forward
Center Wing Time % Phy DF OF
1 Riley Sheahan Mika Zibanejad 60 1 2 2
2 Tomas Tatar Marcus Foligno 40 1 2 2
4 vs 4 Defense
Defense Defense Time % Phy DF OF
1 Cameron Gaunce Denis Bodrov 60 1 2 2
2 Mark Pysyk Alexei Marchenko 40 1 2 2
Last Minutes Offensive
Center Left Wing Right Wing Defense Defense
Riley Sheahan Tomas Tatar Josh Jooris Cameron Gaunce Denis Bodrov
Last Minutes Defensive
Center Left Wing Right Wing Defense Defense
Riley Sheahan Tomas Tatar Josh Jooris Cameron Gaunce Denis Bodrov
Goaltenders
Starting : Peter Mannino
Backup : Chet Pickard
Extra Forwards
Normal : Riley Nash, Roman Horak, Max Gortz - PP : Riley Nash, Roman Horak - PK : Max Gortz
Extra Defensemen
Normal : Matthew Finn, Joe Finley, Scott Mayfield - PP : Matthew Finn - PK : Joe Finley, Scott Mayfield
Penalty Shots
Riley Sheahan, Mika Zibanejad, Tomas Tatar, Marcus Foligno, Josh Jooris
Scratches
Andreas Athanasiou (Sports Hernia Injury), Brady Skjei (Sore Right Knee Injury), Raphael Bussieres (Healthy), Sam Kurker (Healthy), Justin Peters (Healthy)
Joacim Eriksson (Healthy)
% Time on Ice - Mulligans
Lines # - Real PCT - Wanted PCT - Time Play
Normal Forward
1 - 37% - 40% - 15:26
2 - 27% - 30% - 11:26
3 - 22% - 20% - 9:02
4 - 14% - 10% - 5:55
Normal Defense
1 - 42% - 40% - 17:45
2 - 32% - 30% - 13:12
3 - 18% - 20% - 7:36
4 - 8% - 10% - 3:16
PP Forward
1 - 57% - 60% - 6:16
2 - 43% - 40% - 4:43
PP Defense
1 - 61% - 60% - 6:39
2 - 39% - 40% - 4:20
PK Forward
1 - 75% - 60% - 5:25
2 - 25% - 40% - 1:47
PK Defense
1 - 59% - 60% - 4:16
2 - 41% - 40% - 2:56
PK3 Forward
1 - 0% - 60%
2 - 0% - 40%
PK3 Defense
1 - 0% - 60%
2 - 0% - 40%
44 Forward
1 - 0% - 60%
2 - 0% - 40%
44 Defense
1 - 0% - 60%
2 - 0% - 40%
Last Minute Offensive - 0:00
Last Minute Defensive - 0:00
Total
Forward - 60:00
Defense - 60:00
|
% Time on Ice - Mustangs
Lines # - Real PCT - Wanted PCT - Time Play
Normal Forward
1 - 38% - 40% - 16:00
2 - 26% - 30% - 10:53
3 - 18% - 20% - 7:40
4 - 17% - 10% - 7:16
Normal Defense
1 - 44% - 40% - 18:18
2 - 31% - 30% - 13:00
3 - 18% - 20% - 7:37
4 - 7% - 10% - 2:54
PP Forward
1 - 58% - 60% - 4:11
2 - 42% - 40% - 3:01
PP Defense
1 - 59% - 60% - 4:14
2 - 41% - 40% - 2:58
PK Forward
1 - 75% - 60% - 8:11
2 - 25% - 40% - 2:48
PK Defense
1 - 61% - 60% - 6:39
2 - 39% - 40% - 4:20
PK3 Forward
1 - 0% - 60%
2 - 0% - 40%
PK3 Defense
1 - 0% - 60%
2 - 0% - 40%
44 Forward
1 - 0% - 60%
2 - 0% - 40%
44 Defense
1 - 0% - 60%
2 - 0% - 40%
Last Minute Offensive - 0:00
Last Minute Defensive - 0:00
Total
Forward - 60:00
Defense - 60:00
|
Play by Play
1st period
0:01 of 1st period - Jonathan Tremblay wins face-off versus Riley Sheahan in neutral zone.
0:08 of 1st period - Snap shot by Eric Tangradi.
0:08 of 1st period - Shot Hit the Post.
0:59 of 1st period - Nick Bonino is hit by Josh Jooris and loses puck.
1:16 of 1st period - Matt Niskanen is hit by Denis Bodrov and loses puck.
1:25 of 1st period - Snap shot by Josh Jooris.
1:25 of 1st period - Stopped by Anders Lindback with a rebound.
1:27 of 1st period - Snap shot by Josh Jooris.
1:27 of 1st period - Shot Misses the Net.
1:47 of 1st period - Snap shot by Nick Bonino.
1:47 of 1st period - Stopped by Peter Mannino without a rebound.
1:48 of 1st period - Anton Lander wins face-off versus Mika Zibanejad in Mustangs zone.
1:49 of 1st period - Snap shot by Matt Beleskey.
1:49 of 1st period - Shot Misses the Net.
1:57 of 1st period - Snap shot by Anton Lander.
1:57 of 1st period - Stopped by Peter Mannino without a rebound.
1:58 of 1st period - Mika Zibanejad wins face-off versus Anton Lander in Mustangs zone.
2:09 of 1st period - Slapshot by Mika Zibanejad.
2:09 of 1st period - Shot Misses the Net.
2:17 of 1st period - Snap shot by Mika Zibanejad.
2:17 of 1st period - Shot Blocked by Cody Goloubef.
2:41 of 1st period - Snap shot by Anton Lander.
2:41 of 1st period - Shot Blocked by Alexei Marchenko.
2:43 of 1st period - Snap shot by Anton Lander.
2:43 of 1st period - Stopped by Peter Mannino without a rebound.
2:44 of 1st period - Jim O'Brien wins face-off versus Maxime Macenauer in Mustangs zone.
3:57 of 1st period - Cade Fairchild is hit by Eric Knodel and loses puck.
4:16 of 1st period - Wrist shot by Riley Sheahan.
4:16 of 1st period - Shot Blocked by Derek Dorsett.
4:43 of 1st period - Wrist shot by Eric Tangradi.
4:43 of 1st period - Deflect By Jonathan Tremblay.
4:43 of 1st period - Stopped by Peter Mannino with a rebound.
6:18 of 1st period - Rick Schofield is hit by Cody Goloubef and loses puck.
6:51 of 1st period - Danny Biega is hit by Thomas Hickey and loses puck.
7:15 of 1st period - Mark Pysyk is hit by Benn Ferriero and loses puck.
7:30 of 1st period - Wrist shot by Logan Shaw.
7:30 of 1st period - Shot Misses the Net.
7:32 of 1st period - Slapshot by Thomas Hickey.
7:32 of 1st period - Deflect By Mark Pysyk.
7:32 of 1st period - Stopped by Peter Mannino with a rebound.
7:34 of 1st period - Minor Penalty to Mark Pysyk for Hooking.
7:35 of 1st period - Nick Bonino wins face-off versus Riley Sheahan in Mustangs zone.
8:40 of 1st period - Backhand shot by Marcus Foligno.
8:40 of 1st period - Stopped by Anders Lindback with a rebound.
8:42 of 1st period - Slapshot by Tomas Tatar.
8:42 of 1st period - Shot Misses the Net.
9:12 of 1st period - Alexei Marchenko is hit by Anton Lander and loses puck.
9:34 of 1st period - Penalty to Mark Pysyk is over, Mark Pysyk is back on ice.
9:48 of 1st period - Jerome Samson is hit by Ben Hutton and loses puck.
10:22 of 1st period - Cade Fairchild is hit by Riley Sheahan and loses puck.
10:33 of 1st period - Snap shot by Mika Zibanejad.
10:33 of 1st period - Goal by Mika Zibanejad - Mulligans : 0 - Mustangs : 1.
10:34 of 1st period - Nick Bonino wins face-off versus Riley Sheahan in neutral zone.
10:50 of 1st period - Minor Penalty to Eric Tangradi for Cross-checking.
10:51 of 1st period - Riley Sheahan wins face-off versus Maxime Macenauer in Mulligans zone.
10:53 of 1st period - Wrist shot by Riley Sheahan.
10:53 of 1st period - Shot Misses the Net.
10:55 of 1st period - Snap shot by Riley Sheahan.
10:55 of 1st period - Shot Misses the Net.
12:44 of 1st period - Thomas Hickey is hit by Riley Sheahan and loses puck.
12:50 of 1st period - Penalty to Eric Tangradi is over, Eric Tangradi is back on ice.
13:39 of 1st period - Ben Hutton is hit by Rick Schofield and loses puck.
14:44 of 1st period - Snap shot by Benn Ferriero.
14:44 of 1st period - Shot Blocked by Danny Biega.
14:46 of 1st period - Wrist shot by Maxime Macenauer.
14:46 of 1st period - Stopped by Peter Mannino without a rebound.
14:47 of 1st period - Maxime Macenauer wins face-off versus Jim O'Brien in Mustangs zone.
14:48 of 1st period - Slapshot by Thomas Hickey.
14:48 of 1st period - Stopped by Peter Mannino without a rebound.
14:49 of 1st period - Jim O'Brien wins face-off versus Maxime Macenauer in Mustangs zone.
15:55 of 1st period - Marcus Foligno is hit by Matt Donovan.
16:24 of 1st period - Icing by Maxime Macenauer.
16:25 of 1st period - Maxime Macenauer wins face-off versus Mika Zibanejad in Mulligans zone.
17:43 of 1st period - Wrist shot by Francis Paré.
17:43 of 1st period - Shot Blocked by Cody Goloubef.
17:57 of 1st period - Snap shot by Thomas Hickey.
17:57 of 1st period - Shot Misses the Net.
17:59 of 1st period - Wrist shot by Benn Ferriero.
17:59 of 1st period - Deflect By Cameron Gaunce.
17:59 of 1st period - Shot Misses the Net.
17:59 of 1st period - Puck is out of play.
18:00 of 1st period - Maxime Macenauer wins face-off versus Mika Zibanejad in Mustangs zone.
18:01 of 1st period - Snap shot by Drayson Bowman.
18:01 of 1st period - Shot Blocked by Marcus Foligno.
18:17 of 1st period - Drayson Bowman is hit by Andrew Shaw and loses puck.
18:26 of 1st period - Joe Finley is hit by Matt Niskanen and loses puck.
18:43 of 1st period - Snap shot by Marcus Foligno.
18:43 of 1st period - Goal by Marcus Foligno - Mulligans : 0 - Mustangs : 2.
18:44 of 1st period - Nick Bonino wins face-off versus Josh Jooris in neutral zone.
19:17 of 1st period - Wrist shot by Joshua Leivo.
19:17 of 1st period - Stopped by Anders Lindback with a rebound.
19:19 of 1st period - Snap shot by Jim O'Brien.
19:19 of 1st period - Shot Misses the Net.
19:21 of 1st period - Snap shot by Jerome Samson.
19:21 of 1st period - Stopped by Anders Lindback without a rebound.
19:22 of 1st period - Mika Zibanejad wins face-off versus Nick Bonino in Mulligans zone.
19:25 of 1st period - Wrist shot by Andrew Shaw.
19:25 of 1st period - Deflect By Marcus Foligno.
19:25 of 1st period - Shot Blocked by Jonathan Tremblay.
19:25 of 1st period - Puck is out of play.
19:26 of 1st period - Nick Bonino wins face-off versus Mika Zibanejad in Mulligans zone.
19:37 of 1st period - Wrist shot by Mika Zibanejad.
19:37 of 1st period - Shot Hit the Post.
Goals for this period are 0 for Mulligans vs 2 for Mustangs.
Shots for this period are 7 for Mulligans vs 6 for Mustangs.
2nd period
0:01 of 2nd period - Riley Sheahan wins face-off versus Nick Bonino in neutral zone.
0:06 of 2nd period - Snap shot by Josh Jooris.
0:06 of 2nd period - Shot Misses the Net.
0:12 of 2nd period - Wrist shot by Matt Donovan.
0:12 of 2nd period - Stopped by Peter Mannino without a rebound.
0:13 of 2nd period - Nick Bonino wins face-off versus Riley Sheahan in Mustangs zone.
0:42 of 2nd period - Snap shot by Maxime Macenauer.
0:42 of 2nd period - Shot Misses the Net.
1:04 of 2nd period - Wrist shot by Andrew Shaw.
1:04 of 2nd period - Shot Misses the Net.
2:06 of 2nd period - Slapshot by Matt Donovan.
2:06 of 2nd period - Shot Blocked by Alexei Marchenko.
2:16 of 2nd period - Snap shot by Jerome Samson.
2:16 of 2nd period - Goal by Jerome Samson - Mulligans : 0 - Mustangs : 3.
2:17 of 2nd period - Riley Sheahan wins face-off versus Nick Bonino in neutral zone.
2:19 of 2nd period - Off-side.
2:20 of 2nd period - Riley Sheahan wins face-off versus Nick Bonino in neutral zone.
2:24 of 2nd period - Off-side.
2:25 of 2nd period - Nick Bonino wins face-off versus Riley Sheahan in neutral zone.
2:28 of 2nd period - Tomas Tatar is hit by Ben Hutton and loses puck.
2:32 of 2nd period - Icing by Tomas Tatar.
2:33 of 2nd period - Riley Sheahan wins face-off versus Nick Bonino in Mustangs zone.
2:42 of 2nd period - Tomas Tatar is hit by Matt Niskanen and loses puck.
2:57 of 2nd period - Josh Jooris is hit by Matt Donovan.
3:14 of 2nd period - Slapshot by Tomas Tatar.
3:14 of 2nd period - Deflect By Josh Jooris.
3:14 of 2nd period - Stopped by Anders Lindback with a rebound.
3:16 of 2nd period - Slapshot by Cameron Gaunce.
3:16 of 2nd period - Shot Misses the Net.
3:18 of 2nd period - Snap shot by Tomas Tatar.
3:18 of 2nd period - Goal by Tomas Tatar - Mulligans : 0 - Mustangs : 4.
3:18 of 2nd period - Calvin Pickard enters game.
3:19 of 2nd period - Nick Bonino wins face-off versus Mika Zibanejad in neutral zone.
3:21 of 2nd period - Matt Niskanen is hit by Mika Zibanejad and loses puck.
3:28 of 2nd period - Snap shot by Marcus Foligno.
3:28 of 2nd period - Shot Misses the Net.
3:30 of 2nd period - Wrist shot by Marcus Foligno.
3:30 of 2nd period - Stopped by Calvin Pickard with a rebound.
3:32 of 2nd period - Slapshot by Alexei Marchenko.
3:32 of 2nd period - Deflect By Andrew Shaw.
3:32 of 2nd period - Stopped by Calvin Pickard without a rebound.
3:33 of 2nd period - Riley Sheahan wins face-off versus Anton Lander in Mulligans zone.
3:44 of 2nd period - Slapshot by Riley Sheahan.
3:44 of 2nd period - Shot Blocked by Matt Donovan.
4:08 of 2nd period - Wrist shot by Marcus Foligno.
4:08 of 2nd period - Shot Blocked by Matt Donovan.
4:10 of 2nd period - Snap shot by Andrew Shaw.
4:10 of 2nd period - Shot Misses the Net.
5:46 of 2nd period - Drayson Bowman is hit by Scott Mayfield and loses puck.
5:51 of 2nd period - Wrist shot by Jim O'Brien.
5:51 of 2nd period - Stopped by Calvin Pickard without a rebound.
5:52 of 2nd period - Anton Lander wins face-off versus Mika Zibanejad in Mulligans zone.
6:04 of 2nd period - Slapshot by Matt Beleskey.
6:04 of 2nd period - Stopped by Peter Mannino without a rebound.
6:05 of 2nd period - Nick Bonino wins face-off versus Riley Sheahan in Mustangs zone.
6:06 of 2nd period - Wrist shot by Eric Tangradi.
6:06 of 2nd period - Stopped by Peter Mannino with a rebound.
6:08 of 2nd period - Wrist shot by Eric Tangradi.
6:08 of 2nd period - Stopped by Peter Mannino without a rebound.
6:09 of 2nd period - Nick Bonino wins face-off versus Riley Sheahan in Mustangs zone.
6:20 of 2nd period - Wrist shot by Nick Bonino.
6:20 of 2nd period - Shot Blocked by Denis Bodrov.
6:22 of 2nd period - Snap shot by Eric Tangradi.
6:22 of 2nd period - Stopped by Peter Mannino without a rebound.
6:23 of 2nd period - Anton Lander wins face-off versus Josh Jooris in Mustangs zone.
7:07 of 2nd period - Slapshot by Cameron Gaunce.
7:07 of 2nd period - Deflect By Jim O'Brien.
7:07 of 2nd period - Shot Misses the Net.
7:07 of 2nd period - Puck is out of play.
7:08 of 2nd period - Jim O'Brien wins face-off versus Maxime Macenauer in Mulligans zone.
7:58 of 2nd period - Slapshot by Matt Donovan.
7:58 of 2nd period - Stopped by Peter Mannino without a rebound.
7:59 of 2nd period - Anton Lander wins face-off versus Rick Schofield in Mustangs zone.
8:10 of 2nd period - Snap shot by Matt Beleskey.
8:10 of 2nd period - Shot Blocked by Cameron Gaunce.
8:24 of 2nd period - Slapshot by Mark Pysyk.
8:24 of 2nd period - Deflect By Matt Niskanen.
8:24 of 2nd period - Stopped by Calvin Pickard with a rebound.
8:30 of 2nd period - Slapshot by Matt Donovan.
8:30 of 2nd period - Shot Blocked by Rick Schofield.
8:40 of 2nd period - Snap shot by Matt Beleskey.
8:40 of 2nd period - Shot Misses the Net.
8:42 of 2nd period - Slapshot by Anton Lander.
8:42 of 2nd period - Shot Misses the Net.
8:44 of 2nd period - Snap shot by Matt Niskanen.
8:44 of 2nd period - Stopped by Peter Mannino with a rebound.
8:46 of 2nd period - Snap shot by Matt Beleskey.
8:46 of 2nd period - Stopped by Peter Mannino with a rebound.
8:48 of 2nd period - Snap shot by Matt Beleskey.
8:48 of 2nd period - Deflect By Derek Dorsett.
8:48 of 2nd period - Shot Blocked by Alexei Marchenko.
8:48 of 2nd period - Puck is out of play.
8:49 of 2nd period - Riley Sheahan wins face-off versus Nick Bonino in Mustangs zone.
8:54 of 2nd period - Cameron Gaunce is hit by Nick Bonino and loses puck.
9:25 of 2nd period - Slapshot by Marcus Foligno.
9:25 of 2nd period - Goal by Marcus Foligno - Mulligans : 0 - Mustangs : 5.
9:26 of 2nd period - Nick Bonino wins face-off versus Riley Sheahan in neutral zone.
9:35 of 2nd period - Snap shot by Riley Sheahan.
9:35 of 2nd period - Shot Blocked by Ben Hutton.
9:37 of 2nd period - Slapshot by Cameron Gaunce.
9:37 of 2nd period - Deflect By Tomas Tatar.
9:37 of 2nd period - Shot Misses the Net.
9:37 of 2nd period - Puck is out of play.
9:38 of 2nd period - Riley Sheahan wins face-off versus Nick Bonino in Mulligans zone.
9:50 of 2nd period - Minor Penalty to Eric Tangradi for Interference.
9:51 of 2nd period - Tomas Tatar wins face-off versus Maxime Macenauer in Mulligans zone.
10:01 of 2nd period - Slapshot by Cameron Gaunce.
10:01 of 2nd period - Shot Misses the Net.
10:13 of 2nd period - Maxime Macenauer is hit by Riley Sheahan.
10:28 of 2nd period - Off-side.
10:29 of 2nd period - Anton Lander wins face-off versus Mika Zibanejad in neutral zone.
10:33 of 2nd period - Off-side.
10:34 of 2nd period - Maxime Macenauer wins face-off versus Mika Zibanejad in neutral zone.
11:05 of 2nd period - Wrist shot by Tomas Tatar.
11:05 of 2nd period - Goal by Tomas Tatar - Mulligans : 0 - Mustangs : 6.
11:06 of 2nd period - Nick Bonino wins face-off versus Tomas Tatar in neutral zone.
11:50 of 2nd period - Snap shot by Nick Bonino.
11:50 of 2nd period - Shot Hit the Post.
11:52 of 2nd period - Snap shot by Eric Tangradi.
11:52 of 2nd period - Stopped by Peter Mannino with a rebound.
11:54 of 2nd period - Snap shot by Nick Bonino.
11:54 of 2nd period - Shot Blocked by Tomas Tatar.
11:56 of 2nd period - Snap shot by Eric Tangradi.
11:56 of 2nd period - Deflect By Jonathan Tremblay.
11:56 of 2nd period - Stopped by Peter Mannino with a rebound.
12:20 of 2nd period - Wrist shot by Eric Tangradi.
12:20 of 2nd period - Stopped by Peter Mannino with a rebound.
12:25 of 2nd period - Double Minor Penalty to Tomas Tatar for Boarding.
12:26 of 2nd period - Max Gortz wins face-off versus Anton Lander in Mustangs zone.
12:26 of 2nd period - Max Gortz is hit by Derek Dorsett.
12:35 of 2nd period - Wrist shot by Thomas Hickey.
12:35 of 2nd period - Shot Misses the Net.
12:37 of 2nd period - Wrist shot by Matt Beleskey.
12:37 of 2nd period - Shot Misses the Net.
13:15 of 2nd period - Marcus Foligno is hit by Logan Shaw and loses puck.
16:25 of 2nd period - Penalty to Tomas Tatar is over, Tomas Tatar is back on ice.
16:28 of 2nd period - Snap shot by Curtis Hamilton.
16:28 of 2nd period - Shot Misses the Net.
17:11 of 2nd period - Snap shot by Curtis Hamilton.
17:11 of 2nd period - Stopped by Calvin Pickard with a rebound.
17:13 of 2nd period - Wrist shot by Jerome Samson.
17:13 of 2nd period - Stopped by Calvin Pickard with a rebound.
17:17 of 2nd period - Snap shot by Joshua Leivo.
17:17 of 2nd period - Stopped by Calvin Pickard with a rebound.
17:23 of 2nd period - Minor Penalty to Thomas Hickey for Interference.
17:24 of 2nd period - Riley Sheahan wins face-off versus Maxime Macenauer in Mulligans zone.
17:25 of 2nd period - Wrist shot by Josh Jooris.
17:25 of 2nd period - Shot Misses the Net.
17:27 of 2nd period - Backhand shot by Denis Bodrov.
17:27 of 2nd period - Stopped by Calvin Pickard with a rebound.
17:29 of 2nd period - Snap shot by Denis Bodrov.
17:29 of 2nd period - Shot Blocked by Cody Goloubef.
17:31 of 2nd period - Slapshot by Denis Bodrov.
17:31 of 2nd period - Shot Blocked by Cade Fairchild.
17:33 of 2nd period - Snap shot by Tomas Tatar.
17:33 of 2nd period - Stopped by Calvin Pickard with a rebound.
17:35 of 2nd period - Wrist shot by Tomas Tatar.
17:35 of 2nd period - Stopped by Calvin Pickard without a rebound.
17:36 of 2nd period - Riley Sheahan wins face-off versus Maxime Macenauer in Mulligans zone.
17:49 of 2nd period - Snap shot by Riley Sheahan.
17:49 of 2nd period - Stopped by Calvin Pickard without a rebound.
17:50 of 2nd period - Maxime Macenauer wins face-off versus Riley Sheahan in Mulligans zone.
17:56 of 2nd period - Icing by Cameron Gaunce.
17:57 of 2nd period - Riley Sheahan wins face-off versus Maxime Macenauer in Mustangs zone.
18:26 of 2nd period - Snap shot by Marcus Foligno.
18:26 of 2nd period - Shot Misses the Net.
18:28 of 2nd period - Wrist shot by Andrew Shaw.
18:28 of 2nd period - Stopped by Calvin Pickard without a rebound.
18:29 of 2nd period - Mika Zibanejad wins face-off versus Maxime Macenauer in Mulligans zone.
18:34 of 2nd period - Snap shot by Mika Zibanejad.
18:34 of 2nd period - Stopped by Calvin Pickard without a rebound.
18:35 of 2nd period - Maxime Macenauer wins face-off versus Riley Sheahan in Mulligans zone.
18:35 of 2nd period - Maxime Macenauer is hit by Tomas Tatar.
19:07 of 2nd period - Slapshot by Mark Pysyk.
19:07 of 2nd period - Stopped by Calvin Pickard with a rebound.
19:23 of 2nd period - Penalty to Thomas Hickey is over, Thomas Hickey is back on ice.
19:54 of 2nd period - Off-side.
19:55 of 2nd period - Anton Lander wins face-off versus Riley Sheahan in neutral zone.
19:58 of 2nd period - Slapshot by Matt Donovan.
19:58 of 2nd period - Stopped by Peter Mannino without a rebound.
19:59 of 2nd period - Riley Sheahan wins face-off versus Anton Lander in Mustangs zone.
Goals for this period are 0 for Mulligans vs 4 for Mustangs.
Shots for this period are 12 for Mulligans vs 19 for Mustangs.
3rd period
0:01 of 3rd period - Riley Sheahan wins face-off versus Nick Bonino in neutral zone.
0:25 of 3rd period - Mark Pysyk is hit by Cody Goloubef.
0:53 of 3rd period - Wrist shot by Jim O'Brien.
0:53 of 3rd period - Stopped by Calvin Pickard with a rebound.
0:57 of 3rd period - Snap shot by Jerome Samson.
0:57 of 3rd period - Stopped by Calvin Pickard with a rebound.
0:59 of 3rd period - Slapshot by Joe Finley.
0:59 of 3rd period - Shot Blocked by Matt Donovan.
1:52 of 3rd period - Snap shot by Anton Lander.
1:52 of 3rd period - Stopped by Peter Mannino with a rebound.
2:04 of 3rd period - Thomas Hickey is hit by Andrew Shaw and loses puck.
2:23 of 3rd period - Snap shot by Drayson Bowman.
2:23 of 3rd period - Goal by Drayson Bowman - Mulligans : 1 - Mustangs : 6.
2:24 of 3rd period - Riley Sheahan wins face-off versus Nick Bonino in neutral zone.
3:12 of 3rd period - Wrist shot by Francis Paré.
3:12 of 3rd period - Stopped by Calvin Pickard with a rebound.
3:49 of 3rd period - Minor Penalty to Joshua Leivo for Slashing.
3:50 of 3rd period - Riley Sheahan wins face-off versus Nick Bonino in Mustangs zone.
4:43 of 3rd period - Riley Sheahan is hit by Eric Tangradi and loses puck.
4:54 of 3rd period - Matt Beleskey is hit by Tomas Tatar and loses puck.
5:36 of 3rd period - Nick Bonino is hit by Tomas Tatar and loses puck.
5:49 of 3rd period - Penalty to Joshua Leivo is over, Joshua Leivo is back on ice.
5:52 of 3rd period - Icing by Anton Lander.
5:53 of 3rd period - Jim O'Brien wins face-off versus Anton Lander in Mulligans zone.
5:54 of 3rd period - Wrist shot by Joshua Leivo.
5:54 of 3rd period - Shot Misses the Net.
5:56 of 3rd period - Slapshot by Joshua Leivo.
5:56 of 3rd period - Stopped by Calvin Pickard with a rebound.
5:58 of 3rd period - Slapshot by Joe Finley.
5:58 of 3rd period - Shot Blocked by Matt Beleskey.
6:00 of 3rd period - Wrist shot by Jim O'Brien.
6:00 of 3rd period - Goal by Jim O'Brien - Mulligans : 1 - Mustangs : 7.
6:01 of 3rd period - Riley Sheahan wins face-off versus Nick Bonino in neutral zone.
6:26 of 3rd period - Andrew Shaw is hit by Derek Dorsett and loses puck.
6:35 of 3rd period - Snap shot by Derek Dorsett.
6:35 of 3rd period - Stopped by Peter Mannino with a rebound.
6:37 of 3rd period - Slapshot by Thomas Hickey.
6:37 of 3rd period - Deflect By Anton Lander.
6:37 of 3rd period - Stopped by Peter Mannino with a rebound.
6:39 of 3rd period - Slapshot by Matt Beleskey.
6:39 of 3rd period - Deflect By Derek Dorsett.
6:39 of 3rd period - Stopped by Peter Mannino with a rebound.
7:38 of 3rd period - Slapshot by Francis Paré.
7:38 of 3rd period - Stopped by Calvin Pickard with a rebound.
7:40 of 3rd period - Minor Penalty to Nick Bonino for Holding Stick.
7:41 of 3rd period - Riley Sheahan wins face-off versus Maxime Macenauer in Mulligans zone.
8:14 of 3rd period - Cody Goloubef is hit by Denis Bodrov and loses puck.
8:38 of 3rd period - Off-side.
8:39 of 3rd period - Mika Zibanejad wins face-off versus Anton Lander in neutral zone.
8:52 of 3rd period - Slapshot by Andrew Shaw.
8:52 of 3rd period - Deflect By Marcus Foligno.
8:52 of 3rd period - Shot Blocked by Thomas Hickey.
8:52 of 3rd period - Puck is out of play.
8:53 of 3rd period - Riley Sheahan wins face-off versus Maxime Macenauer in Mulligans zone.
8:54 of 3rd period - Snap shot by Josh Jooris.
8:54 of 3rd period - Deflect By Riley Sheahan.
8:54 of 3rd period - Shot Blocked by Thomas Hickey.
8:54 of 3rd period - Puck is out of play.
8:55 of 3rd period - Maxime Macenauer wins face-off versus Riley Sheahan in Mulligans zone.
9:40 of 3rd period - Penalty to Nick Bonino is over, Nick Bonino is back on ice.
10:13 of 3rd period - Wrist shot by Rick Schofield.
10:13 of 3rd period - Shot Misses the Net.
10:15 of 3rd period - Snap shot by Rick Schofield.
10:15 of 3rd period - Deflect By Francis Paré.
10:15 of 3rd period - Shot Misses the Net.
10:15 of 3rd period - Puck is out of play.
10:16 of 3rd period - Riley Sheahan wins face-off versus Anton Lander in Mulligans zone.
10:49 of 3rd period - Snap shot by Andrew Shaw.
10:49 of 3rd period - Stopped by Calvin Pickard with a rebound.
10:51 of 3rd period - Wrist shot by Marcus Foligno.
10:51 of 3rd period - Stopped by Calvin Pickard without a rebound.
10:52 of 3rd period - Riley Sheahan wins face-off versus Nick Bonino in Mulligans zone.
10:55 of 3rd period - Wrist shot by Tomas Tatar.
10:55 of 3rd period - Shot Misses the Net.
10:57 of 3rd period - Slapshot by Josh Jooris.
10:57 of 3rd period - Deflect By Cody Goloubef.
10:57 of 3rd period - Shot Misses the Net.
10:57 of 3rd period - Puck is out of play.
10:58 of 3rd period - Nick Bonino wins face-off versus Tomas Tatar in Mulligans zone.
11:25 of 3rd period - Slapshot by Denis Bodrov.
11:25 of 3rd period - Stopped by Calvin Pickard without a rebound.
11:26 of 3rd period - Anton Lander wins face-off versus Mika Zibanejad in Mulligans zone.
11:41 of 3rd period - Wrist shot by Derek Dorsett.
11:41 of 3rd period - Stopped by Peter Mannino with a rebound.
11:43 of 3rd period - Backhand shot by Matt Beleskey.
11:43 of 3rd period - Stopped by Peter Mannino without a rebound.
11:44 of 3rd period - Josh Jooris wins face-off versus Eric Tangradi in Mustangs zone.
12:34 of 3rd period - Snap shot by Drayson Bowman.
12:34 of 3rd period - Stopped by Peter Mannino with a rebound.
12:36 of 3rd period - Wrist shot by Maxime Macenauer.
12:36 of 3rd period - Goal by Maxime Macenauer - Mulligans : 2 - Mustangs : 7.
12:37 of 3rd period - Riley Sheahan wins face-off versus Jonathan Tremblay in neutral zone.
12:44 of 3rd period - Slapshot by Riley Sheahan.
12:44 of 3rd period - Deflect By Josh Jooris.
12:44 of 3rd period - Stopped by Calvin Pickard without a rebound.
12:45 of 3rd period - Riley Sheahan wins face-off versus Nick Bonino in Mulligans zone.
12:52 of 3rd period - Slapshot by Riley Sheahan.
12:52 of 3rd period - Shot Misses the Net.
13:12 of 3rd period - Slapshot by Denis Bodrov.
13:12 of 3rd period - Stopped by Calvin Pickard with a rebound.
13:14 of 3rd period - Slapshot by Jim O'Brien.
13:14 of 3rd period - Goal by Jim O'Brien - Mulligans : 2 - Mustangs : 8.
13:15 of 3rd period - Riley Sheahan wins face-off versus Nick Bonino in neutral zone.
13:20 of 3rd period - Slapshot by Denis Bodrov.
13:20 of 3rd period - Stopped by Calvin Pickard without a rebound.
13:21 of 3rd period - Tomas Tatar wins face-off versus Nick Bonino in Mulligans zone.
13:32 of 3rd period - Wrist shot by Riley Sheahan.
13:32 of 3rd period - Shot Misses the Net.
13:50 of 3rd period - Wrist shot by Mika Zibanejad.
13:50 of 3rd period - Shot Misses the Net.
13:52 of 3rd period - Slapshot by Cameron Gaunce.
13:52 of 3rd period - Stopped by Calvin Pickard without a rebound.
13:53 of 3rd period - Matt Beleskey wins face-off versus Riley Sheahan in Mulligans zone.
13:53 of 3rd period - Matt Beleskey is hit by Mark Pysyk.
14:05 of 3rd period - Slapshot by Matt Beleskey.
14:05 of 3rd period - Shot Blocked by Josh Jooris.
14:07 of 3rd period - Slapshot by Cade Fairchild.
14:07 of 3rd period - Shot Misses the Net.
14:09 of 3rd period - Wrist shot by Matt Beleskey.
14:09 of 3rd period - Stopped by Peter Mannino with a rebound.
14:15 of 3rd period - Minor Penalty to Tomas Tatar for Hooking.
14:16 of 3rd period - Riley Sheahan wins face-off versus Nick Bonino in Mustangs zone.
14:50 of 3rd period - Slapshot by Matt Donovan.
14:50 of 3rd period - Shot Blocked by Mark Pysyk.
15:20 of 3rd period - Anton Lander is hit by Riley Sheahan.
15:53 of 3rd period - Mika Zibanejad is hit by Derek Dorsett.
16:15 of 3rd period - Penalty to Tomas Tatar is over, Tomas Tatar is back on ice.
16:36 of 3rd period - Wrist shot by Cameron Gaunce.
16:36 of 3rd period - Stopped by Calvin Pickard without a rebound.
16:37 of 3rd period - Rick Schofield wins face-off versus Drayson Bowman in Mulligans zone.
16:52 of 3rd period - Wrist shot by Benn Ferriero.
16:52 of 3rd period - Shot Misses the Net.
17:04 of 3rd period - Icing by Joe Finley.
17:05 of 3rd period - Anton Lander wins face-off versus Rick Schofield in Mustangs zone.
17:10 of 3rd period - Slapshot by Anton Lander.
17:10 of 3rd period - Stopped by Peter Mannino with a rebound.
17:22 of 3rd period - Slapshot by Mark Pysyk.
17:22 of 3rd period - Shot Misses the Net.
17:24 of 3rd period - Slapshot by Mark Pysyk.
17:24 of 3rd period - Shot Misses the Net.
17:26 of 3rd period - Slapshot by Mark Pysyk.
17:26 of 3rd period - Shot Misses the Net.
17:28 of 3rd period - Slapshot by Rick Schofield.
17:28 of 3rd period - Stopped by Calvin Pickard without a rebound.
17:29 of 3rd period - Riley Sheahan wins face-off versus Nick Bonino in Mulligans zone.
17:34 of 3rd period - Snap shot by Riley Sheahan.
17:34 of 3rd period - Stopped by Calvin Pickard with a rebound.
18:09 of 3rd period - Cody Goloubef is hit by Andrew Shaw and loses puck.
18:43 of 3rd period - Wrist shot by Logan Shaw.
18:43 of 3rd period - Shot Misses the Net.
18:45 of 3rd period - Slapshot by Ben Hutton.
18:45 of 3rd period - Stopped by Peter Mannino with a rebound.
18:56 of 3rd period - Minor Penalty to Josh Jooris for Slashing.
18:57 of 3rd period - Nick Bonino wins face-off versus Riley Sheahan in Mustangs zone.
19:01 of 3rd period - Wrist shot by Nick Bonino.
19:01 of 3rd period - Deflect By Jonathan Tremblay.
19:01 of 3rd period - Stopped by Peter Mannino without a rebound.
19:02 of 3rd period - Nick Bonino wins face-off versus Riley Sheahan in Mustangs zone.
19:07 of 3rd period - Slapshot by Matt Donovan.
19:07 of 3rd period - Deflect By Riley Sheahan.
19:07 of 3rd period - Stopped by Peter Mannino with a rebound.
19:17 of 3rd period - Wrist shot by Eric Tangradi.
19:17 of 3rd period - Shot Misses the Net.
19:37 of 3rd period - Wrist shot by Matt Beleskey.
19:37 of 3rd period - Shot Misses the Net.
Goals for this period are 2 for Mulligans vs 2 for Mustangs.
Shots for this period are 14 for Mulligans vs 17 for Mustangs.
Back to the Top